 Dungeon Crawl Stone Soup version 0.23-a0-141-g456867d (webtiles) character file.

28 Gorice the Firebug (level 2, -1/21 HPs)
             Began as a Demonspawn Wanderer on Aug 31, 2018.
             Slain by a jackal (2 damage)
             ... on level 1 of the Dungeon.
             The game lasted 00:06:00 (993 turns).

Gorice the Firebug (Demonspawn Wanderer)             Turns: 993, Time: 00:06:01

Health: -1/21      AC:  3    Str: 13    XL:     2   Next: 96%
Magic:  0/4        EV: 11    Int: 13    God:
Gold:   36         SH:  0    Dex: 11    Spells: 3/4 levels left

rFire    . . .     SeeInvis .   b - +0 quarterstaff
rCold    . . .     Gourm    .   (shield currently unavailable)
rNeg     . . .     Faith    .   d - +1 robe
rPois    .         Spirit   +   (no helmet)
rElec    .         Reflect  .   (no cloak)
rCorr    .         Harm     .   (no gloves)
MR       .....                  (no boots)
Stlth    +.........             (no amulet)
HPRegen  0.07/turn              (no ring)
MPRegen  0.09/turn              (no ring)

@: no status effects
A: magic shield
a: no special abilities


You were on level 1 of the Dungeon.
You were hungry.

You visited 1 branch of the dungeon, and saw 1 of its levels.

You collected 36 gold pieces.

Inventory:

Hand Weapons
 b - a +0 quarterstaff (weapon)
Missiles
 Y - 78 stones (quivered)
Armour
 a - a +0 chain mail
 d - a +1 robe (worn)
Potions
 e - a potion of brilliance {unknown}
 g - a potion of curing {unknown}
 h - a potion of heal wounds {unknown}
 i - a potion of haste {unknown}
Comestibles
 f - 2 rations
 j - 2 chunks of flesh


   Skills:
 - Level 1.0 Fighting
 - Level 1.0 Dodging
 - Level 1.0 Stealth
   Level 1.0 Shields
 + Level 1.7 Spellcasting
 * Level 2.1 Conjurations
 - Level 2.6 Fire Magic
   Level 1.0 Ice Magic
   Level 1.0 Evocations


You had 3 spell levels left.
You knew the following spells:

 Your Spells              Type           Power        Failure   Level  Hunger
a - Flame Tongue          Conj/Fire      #....        10%         1    ##.....

Your spell library contained the following spells:

 Spells                   Type           Power        Failure   Level  Hunger
 Throw Flame              Conj/Fire      #.....       14%         2    ###....
 Shock                    Conj/Air       #...         17%         1    ##.....
 Conjure Flame            Conj/Fire      #.......     28%         3    ####...
 Inner Flame              Hex/Fire       #.......     41%         3    ####...
 Static Discharge         Conj/Air       #.......     45%         3    ####...
 Sticky Flame             Conj/Fire      #.......     67%         4    #####..
 Fireball                 Conj/Fire      #.........   95%         5    ######.


Dungeon Overview and Level Annotations

Branches:
Dungeon (1/15)

Altars:


Innate Abilities, Weirdness & Mutations

When hurt, damage is shared between your health and your magic reserves.


Message History

The flame tongue hits the jackal.
You kill the jackal!
You hit the jackal but do no damage. The jackal barely misses you.
The jackal bites you but does no damage.
Okay, then.
As you read the scroll labeled NAYXZU TIRYDD, it crumbles to dust.
It is a scroll of enchant armour.
Your +0 robe glows green for a moment.
The jackal closely misses you. The jackal bites you.
* * * LOW HITPOINT WARNING * * *
Damage: 1 (max 4) Unknown command.
You barely miss the jackal. The jackal bites you.
* * * LOW HITPOINT WARNING * * *
The jackal barely misses you.
Damage: 3 (max 4) Unknown command.
Casting: Flame Tongue (safe; 10% risk of failure)
Confirm with . or Enter, or press ? or * to list all spells.
Aiming: Flame Tongue (safe; 10% risk of failure)
Press: ? - help, Shift-Dir - straight line, f - jackal
Aim: a jackal The flame tongue hits the jackal.
The jackal is almost dead.
The jackal bites you but does no damage.
The jackal barely misses you.
You hit the jackal but do no damage.
The jackal is severely wounded.
The jackal barely misses you.
The jackal bites you but does no damage.
You miss the jackal.
The jackal is severely wounded.
The jackal closely misses you. The jackal misses you.
You barely miss the jackal.
The jackal is severely wounded.
The jackal closely misses you. The jackal barely misses you.
The dart slug launches a dart at you. The slug dart hits you!
* * * LOW HITPOINT WARNING * * *
Damage: 2 (max 4)
You are feeling hungry.
The jackal bites you.
* * * LOW HITPOINT WARNING * * *
Damage: 2 (max 4)
You barely miss the jackal.
The jackal is severely wounded.
The jackal bites you but does no damage.
The jackal bites you.
You die...

.......##...#>.#...#....'...#...#
......###.#....#...#....#...#...#
####.####......#...##########...#
#......##.#.#........#.......#
####.####.##.#.#........'.......#
.##............#........#.......#
.##..#.#.......##################
.##..#.#.......#.##.##.#####.....
................@hK.....†.†......
###.####.#.....#.##w##.#####.#..#
#.####.#.....#.......# #.#...
#......###...........# #.#.##
########.....#######.# #.#.#
#.###.# #.# #...h #.# #.# #.#
##### #.###.# ###.### #.....#
#.(...#


You could see a dart slug, a jackal and a kobold.

Vanquished Creatures
  3 goblins (D:1)
  2 hobgoblins (D:1)
  10 jackals (D:1)
  4 kobolds (D:1)
  A ball python (D:1)
  A bat (D:1)
  3 rats (D:1)
24 creatures vanquished.

Notes
Turn   | Place    | Note
-------+----------+-------------------------------------------
     0 | D:1      | Gorice the Demonspawn Wanderer began the quest for the Orb.
     0 | D:1      | Gorice set off with: a +0 quarterstaff, a +0 robe, a ration
     0 | D:1      | Reached XP level 1. HP: 15/15 MP: 2/2
     2 | D:1      | Learned a level 1 spell: Flame Tongue
   234 | D:1      | Reached skill level 1 in Conjurations
   299 | D:1      | Gained mutation: When hurt, damage is shared between your
                  | health and your magic reserves. [demonic ancestry]
   299 | D:1      | Reached XP level 2. HP: 21/21 MP: 2/4
   944 | D:1      | Reached skill level 2 in Conjurations
   981 | D:1      | HP: 4/21 [jackal (3)]
   990 | D:1      | HP: 3/21 [dart slug/slug dart (2)]
   991 | D:1      | HP: 1/21 [jackal (2)]
   993 | D:1      | Slain by a jackal

Vault maps used:
D:1:      minmay_arrival_widening_spiral_wide

Skill      XL: |  1  2 |
---------------+-------+-----
Conjurations   | 1 2 |  2.1
Fighting       | |  1.0
Dodging        | |  1.0
Stealth        | |  1.0
Shields        | |  1.0
Spellcasting   | |  1.7
Fire Magic     | |  2.6
Ice Magic      | |  1.0
Evocations     | |  1.0

Action                   || total
-------------------------++-------
Melee: Quarterstaff      ||    23
Throw: Stone             ||     1
 Cast: Flame Tongue      ||    36
  Use: Scroll            ||     1
  Eat: Chunk             ||     1
Armor: Robe              ||     8
Dodge: Dodged            ||    40

Table legend:
 A = Non-vault XP
 B = Vault XP
 C = Vault XP percentage of total XP
 D = Non-vault monster count
 E = Vault monster count
 F = Vault count percentage of total count
                 A         B        C        D         E       F
            +---------+---------+-------+---------+---------+-------
      Total |      40 |       0 |   0.0 |      24 |       0 |   0.0
            +---------+---------+-------+---------+---------+-------
        D:1 |      40 |       0 |   0.0 |      24 |       0 |   0.0
            +---------+---------+-------+---------+---------+-------

Table legend:
 A = Turns spent in this place as a percentage of turns spent in the entire game.
 B = Non-inter-level travel turns spent in this place as a percentage of non-inter-level travel turns spent in the entire game.
 C = Inter-level travel turns spent in this place as a percentage of turns spent in this place.
 D = Turns resting spent in this place as a percentage of non-inter-level travel turns spent in this place.
 E = Turns spent auto-exploring this place as a percentage of non-inter-level travel turns spent in this place.
 F = Non-inter-level travel turns spent in this place divided by the number of levels of this place that you've seen.
                   A       B       C       D       E      F
               +-------+-------+-------+-------+-------+----------------------
         Total | 100.0 | 100.0 |   0.0 |  43.2 |  16.9 | 993.0
       Dungeon | 100.0 | 100.0 |   0.0 |  43.2 |  16.9 | 993.0
               +-------+-------+-------+-------+-------+----------------------

Vault maps used:
D:1:      minmay_arrival_widening_spiral_wide
